 Dungeon Crawl Stone Soup version 0.20.2-3-g29329e0561 (webtiles) character file.

422 Alfie the Slasher (level 6, 0/55 HPs)
             Began as a Minotaur Fighter on Nov 18, 2020.
             Killed by divine providence
             ... invoked by an orc priest
              (12 damage)
             ... on level 4 of the Dungeon.
             The game lasted 00:06:25 (1867 turns).

Alfie the Slasher (Minotaur Fighter)                Turns: 1867, Time: 00:06:26

Health: 0/55       AC: 10    Str: 23    XL:     6   Next: 63%
Magic:  5/5        EV:  8    Int:  5    God:
Gold:   249        SH:  0    Dex:  9    Spells: 5/5 levels left

rFire    . . .     SeeInvis .   a - +1 long sword
rCold    . . .     Gourm    .   c - +0 shield
rNeg     . . .     Faith    .   b - +0 scale mail
rPois    .         Spirit   .   (helmet restricted)
rElec    .         Reflect  .   (no cloak)
rCorr    .         Harm     .   w - +0 pair of gloves
MR       .....                  v - +1 pair of boots
Stlth    ..........             (no amulet)
Regen    0.2/turn               g - ring of stealth
MPRegen  0.1/turn               l - +4 ring of slaying

@: confused
A: retaliatory headbutt, horns 2
a: no special abilities


You were on level 4 of the Dungeon.
You were not hungry.

You visited 1 branch of the dungeon, and saw 4 of its levels.

You collected 249 gold pieces.

Inventory:

Hand Weapons
 a - a +1 long sword (weapon)
Armour
 b - a +0 scale mail (worn)
 c - a +0 shield (worn)
 v - a +1 pair of boots (worn)
 w - a +0 pair of gloves (worn)
Jewellery
 g - a ring of stealth (left hand)
 l - a +4 ring of slaying (right hand)
 u - a +4 ring of slaying
Scrolls
 o - a scroll of blinking {unknown}
 r - a scroll of identify
 s - a scroll of noise {unknown}
Potions
 d - a potion of might
 e - a potion of haste {unknown}
 h - a potion of ambrosia {unknown}
 i - a potion of curing {unknown}
 j - a potion of heal wounds {unknown}
 k - 2 potions of brilliance {unknown}
 n - a potion of cancellation {unknown}
 t - a potion of lignification
Comestibles
 f - 3 bread rations
 m - a meat ration
 q - a royal jelly


   Skills:
 + Level 4.8 Fighting
 + Level 5.6 Long Blades
 + Level 5.1 Armour
 + Level 2.1 Dodging
 + Level 0.1 Stealth
 + Level 4.8 Shields


You had 5 spell levels left.
You didn't know any spells.

Dungeon Overview and Level Annotations

Branches:
Dungeon (4/15)
 Temple: D:4-7

Altars:
Ashenzari
Hepliaklqana
Zin


Innate Abilities, Weirdness & Mutations

You reflexively headbutt those who attack you in melee.
You have a pair of horns on your head.


Message History

You are confused.
The orc priest hits you with a dagger.
* * * LOW HITPOINT WARNING * * *
The orc wizard hits you with a dagger.
* * * LOW HITPOINT WARNING * * *
You barely miss the orc wizard. You headbutt the orc wizard!
You kill the orc wizard!
Something hits you but does no damage.
The orc priest hits you but does no damage.
Something completely misses you.
Things that are here:
a dagger; a robe; an orc corpse Something hits you but does no damage.
The orc priest hits you but does no damage.
You see here a mace.
You hear some strange, mumbled words.
You are more confused.
The orc priest mumbles some strange prayers to Beogh against you.
Beogh smites you!
You die...

##### ###### #######...#
.....# #.........# ####.##
#.....(...# ####..#
#.........# ....#.##
#.......###
....#..###.....o@#
....##.........).###
..................>#######
....###.#........#.......#
....+.#...........)....).#
....#.#.###.....###......#
....'...#####_#####...=..#
....###.###.....###......#
....# ......(............#


You could see an orc priest.

Vanquished Creatures
  Duvessa (D:4)
  Dowan (D:4)
  An orc wizard (D:4)
  A centaur skeleton (D:4)
  Terence (D:3)
  2 worker ants (D:4)
  4 adders
  2 oozes (D:1)
  3 worms
  A dart slug (D:3)
  3 leopard geckos
  7 orcs
  A giant cockroach (D:3)
  3 hobgoblins
  6 jackals
  4 ball pythons
  4 bats
  6 frilled lizards
  9 goblins
  10 kobolds
  7 rats
  2 fungi (D:3)
79 creatures vanquished.

Notes
Turn   | Place    | Note
-------+----------+-------------------------------------------
     0 | D:1      | Alfie the Minotaur Fighter began the quest for the Orb.
     0 | D:1      | Reached XP level 1. HP: 19/19 MP: 0/0
    89 | D:1      | Reached XP level 2. HP: 20/27 MP: 1/1
   390 | D:1      | Reached XP level 3. HP: 27/33 MP: 2/2
   633 | D:2      | Found a glowing silver altar of Zin.
   809 | D:2      | Found a hazy altar of Hepliaklqana.
   976 | D:3      | Reached skill level 1 in Dodging
   976 | D:3      | Reached XP level 4. HP: 40/40 MP: 3/3
  1157 | D:3      | Noticed Terence
  1169 | D:3      | Killed Terence
  1621 | D:4      | Reached XP level 5. HP: 47/47 MP: 4/4
  1636 | D:4      | Noticed Duvessa
  1637 | D:4      | Noticed Dowan
  1672 | D:4      | Killed Duvessa
  1672 | D:4      | Reached skill level 5 in Long Blades
  1672 | D:4      | Reached XP level 6. HP: 5/53 MP: 5/5
  1693 | D:4      | Killed Dowan
  1799 | D:4      | Reached skill level 5 in Armour
  1829 | D:4      | Found a shattered altar of Ashenzari.
  1867 | D:4      | Killed from afar by an orc priest

Skill      XL: |  1  2  3  4  5  6 |
---------------+-------------------+-----
Armour         | 4 5 |  5.1
Long Blades    | 3 4 5 |  5.6
Fighting       | 4 |  4.8
Shields        | 4 |  4.8
Dodging        | 1 2 |  2.1
Stealth        | |  0.1

Action                   |  1- 3 |  4- 6 || total
-------------------------+-------+-------++-------
Melee: Long sword        |    91 |    88 ||   179
       Headbutt          |    10 |    15 ||    25
  Use: Scroll            |     4 |     3 ||     7
       Potion            |       |     1 ||     1
  Eat: Fruit             |       |     4 ||     4
Armor: Scale mail        |    54 |    33 ||    87
       Skin              |       |     9 ||     9
Dodge: Dodged            |    40 |    32 ||    72
Block: Shield            |    64 |    32 ||    96
       Rpst.: Long sword |     7 |    12 ||    19
